 Dungeon Crawl Stone Soup version 0.31-a0-188-g5e087ee2ca (webtiles) character file.

Game seed: 13717918764994005250

5418 porpoise the Skirmisher (level 10, -9/56 HPs)
             Began as a Tengu Hunter on June 24, 2023.
             Was a Believer of Hepliaklqana.
             Killed by vampiric draining
             ... invoked by a vampire
              (17 damage)
             ... on level 10 of the Dungeon.
             The game lasted 00:26:55 (7654 turns).

porpoise the Skirmisher (Tengu Hunter)              Turns: 7654, Time: 00:26:55

Health: -9/56      AC:  7    Str: 12    XL:     10   Next: 67%
Magic:  11/11      EV: 19    Int:  9    God:    Hepliaklqana [**....]
Gold:   411        SH:  0    Dex: 22    Spells: 9/9 levels left

rFire   + . .        b - +1 dagger (venom)
rCold   + . .        (no shield)
rNeg    . . .        c - +0 leather armour
rPois   .            (helmet restricted)
rElec   .            k - scarf {rC+ rF+}
rCorr   .            (no gloves)
SInv    +            (boots unavailable)
Will    .....        n - amulet of regeneration
Stlth   +            g - ring of see invisible
HPRegen 1.09/turn    u - +4 ring of protection
MPRegen 0.12/turn

%: no passive effects
@: confused, flying quickly and evasively, quick
A: reduced essence, beak, talons 3, nimble flight
a: Renounce Religion, Recall Ancestor, Ancestor Identity


You were on level 10 of the Dungeon.
You worshipped Hepliaklqana.
Hepliaklqana was pleased with you.
You visited 1 branch of the dungeon, and saw 10 of its levels.

You collected 592 gold pieces.
You spent 181 gold pieces at shops.

Inventory:

Hand Weapons
 a - a +0 orcbow
 b - a +1 dagger of venom (weapon)
 E - a +1 short sword of speed
 P - a +1 dagger of protection
Missiles
 w - 3 atropa-tipped darts
 Q - 6 boomerangs
Armour
 c - a +0 leather armour (worn)
 k - a scarf of resistance (worn)
 l - a scarf of harm
Magical Staves
 O - a staff of earth
Jewellery
 d - a ring of poison resistance
 f - a +6 ring of dexterity
 g - a ring of see invisible (left hand)
 n - an amulet of regeneration (around neck)
 u - a +4 ring of protection (right hand)
 v - a +5 ring of evasion
 B - a ring of wizardry
 C - a +4 ring of protection
 G - a ring of ice
 N - a ring of positive energy
Wands
 t - a wand of charming (11)
 D - a wand of digging (3)
 I - a wand of roots (6)
 K - a wand of flame (18)
Scrolls
 h - 5 scrolls of teleportation
 j - a scroll of butterflies
 o - a scroll of poison
 s - a scroll of vulnerability {unknown}
 y - 3 scrolls of immolation
 z - a scroll of revelation
 H - a scroll of blinking {unknown}
 J - a scroll of summoning {unknown}
 M - a scroll of noise {unknown}
Potions
 e - 5 potions of curing
 i - a potion of heal wounds
 m - 3 potions of attraction
 p - a potion of lignification
 q - a potion of might
 r - 2 potions of brilliance
 x - a potion of invisibility {unknown}
 A - 3 potions of resistance
 F - a potion of degeneration {unknown}
 L - 2 potions of mutation {unknown}


   Skills:
 - Level 7.0 Fighting
 * Level 13.7 Ranged Weapons
 + Level 6.5 Dodging
 - Level 5.0 Stealth


You had 9 spell levels left.
You didn't know any spells.
Your spell library contained the following spells:

 Spells                   Type           Power      Damage    Failure   Level
 Slow                     Hex            0%         N/A       45%         1
 Sting                    Tmut/Pois      0%         1d3       45%         1
 Poisonous Vapours        Pois/Air       0%         N/A       61%         2
 Confusing Touch          Hex            0%         N/A       83%         3
 Inner Flame              Hex/Fire       0%         N/A       83%         3
 Vampiric Draining        Necr           0%         2d6       83%         3
 Anguish                  Hex/Necr       0%         N/A       99%         4
 Animate Dead             Necr           0%         N/A       99%         4
 Cause Fear               Hex            0%         N/A       99%         4
 Flame Wave               Conj/Fire      0%         2d4       99%         4
 Olgreb's Toxic Radiance  Pois           0%         N/A       99%         4
 Passage of Golubria      Tloc           0%         N/A       99%         4
 Sticky Flame             Conj/Fire      0%         2d3       99%         4
 Borgnjor's Vile Clutch   Necr/Erth      0%         N/A       100%        5
 Silence                  Hex/Air        0%         N/A       100%        5
 Death Channel            Necr           0%         N/A       100%        6
 Enfeeble                 Hex            0%         N/A       100%        7
 Lehudib's Crystal Spear  Conj/Erth      0%         10d2      100%        8


Dungeon Overview and Level Annotations

Branches:
Dungeon (10/15)            Temple (0/1) D:6            Lair (0/5) D:9
    Orc: D:9-12

Altars:
Cheibriados
Dithmenos
Fedhas
Hepliaklqana
Makhleb
Nemelex Xobeh
Okawaru
Qazlal
Uskayaw
Vehumet
Wu Jian
Xom

Shops:
D:5 **   D:6 *

Annotations:
D:6 2 transporters, AwFulAwFulPlayer's ghost, amateur OpMo
D:7 2 transporters, innerfire43's ghost, novice DsMo


Innate Abilities, Weirdness & Mutations

Your life essence is reduced to manifest your ancestor. (-10% HP)
You have a beak for a mouth.
You have claws for feet.
Your magical nature lets you fly swiftly and evasively.


Message History

Aim: a vampire (heavily damaged, slightly transparent, ally target, 67% to hit)
You shoot an arrow.
The arrow hits the vampire but does no damage.
The vampire is heavily damaged.
The vampire closely misses you. The vampire completely misses you.
Nikki hits the vampire with a +0 flail!
Fire: a) +0 orcbow
Press: ? - help, Q - select action, (/) - cycle Shift-Dir - straight line, f/p - vampire
Aim: a vampire (almost destroyed, slightly transparent, ally target, 67% to hit)
You shoot an arrow. The arrow barely misses the vampire.
The vampire points at you and mumbles some strange words.
You are confused.
Unknown command.
Your +1 dagger of venom begins to drip with poison!
b - a +1 dagger of venom (weapon)
The vampire casts a spell at you.
You are more confused.
You hit the vampire. You peck the vampire, but do no damage.
The vampire is almost destroyed.
Nikki barely misses the vampire.
The vampire barely misses you. x2
You miss the vampire. You claw the vampire, but do no damage.
Your peck misses the vampire.
The vampire is almost destroyed.
Nikki closely misses the vampire.
The vampire casts a spell at you. You resist with some effort.
You hit the vampire but do no damage. Your kick misses the vampire.
The vampire is almost destroyed.
The vampire draws life force from you.
The vampire is healed by the life force!
You bump into the rock wall.
Nikki misses the vampire.
The vampire hits you but does no damage.
The vampire misses you.
You closely miss the vampire. Your kick misses the vampire.
The vampire is severely damaged.
Nikki hits the vampire with a +0 flail.
The vampire draws life force from you!
* * * LOW HITPOINT WARNING * * *
The vampire is healed by the life force!
You're too confused to move!
The vampire draws life force from you!
You die...

# )# # #. #.
#. #.###. ##
#....###.#####
#.RV#.......
#.##@.#
#.###.# #.#
... #.# ####
#.# #.######
## #......#..
######.#.#
##...#.#


You could see the friendly Nikki the knight and a vampire (invisible, ally
target).

Vanquished Creatures
  2 two-headed ogres
  Pikel (D:7)
  A vampire (D:9)
  A wyvern (D:7)
  Grum (D:8)
  2 wolves (D:8)
  2 ogres
  A centaur (D:9)
  A phantom (D:3)
  4 bullfrogs
  A scorpion (D:4)
  5 killer bees
  3 howler monkeys
  A jelly (D:8)
  2 gnoll boudas
  2 orc priests
  7 hounds
  Crazy Yiuf (D:7)
  Jessica (D:3)
  Ijyb (D:4)
  An iguana (D:5)
  3 sleepcaps
  5 orc wizards
  6 gnolls
  8 adders
  A shadow imp (D:6)
  2 ufetubi (D:6)
  4 dart slugs
  21 orcs
  5 bats
  4 endoplasms
  2 giant cockroaches (D:1)
  6 hobgoblins
  7 kobolds
  2 quokkas
  5 ball pythons
  A frilled lizard (D:2)
  10 goblins
  4 rats
137 creatures vanquished.

Vanquished Creatures (collateral kills)
  A two-headed ogre (D:9)
  A kobold demonologist (D:8)
  A wyvern (D:9)
  A steam dragon (D:8)
  A sky beast (D:8)
  A phantom (D:7)
  2 lemures (D:7)
  2 killer bees
  An orc wizard (D:9)
  An orc (D:9)
12 creatures vanquished.

Vanquished Creatures (others)
  2 ancestors (D:7)
2 creatures vanquished.

Grand Total: 151 creatures vanquished

Notes
Turn   | Place    | Note
-------+----------+-------------------------------------------
     0 | D:1      | porpoise the Tengu Hunter began the quest for the Orb.
     0 | D:1      | Reached XP level 1. HP: 12/12 MP: 2/2
   206 | D:1      | Reached XP level 2. HP: 17/17 MP: 3/3
  1063 | D:2      | Reached skill level 5 in Ranged Weapons
  1063 | D:2      | Reached XP level 3. HP: 22/22 MP: 4/4
  1340 | D:2      | Reached XP level 4. HP: 27/27 MP: 5/5
  1741 | D:3      | Found an ornate altar of the Wu Jian Council.
  1741 | D:3      | Found a blossoming altar of Fedhas.
  1832 | D:3      | Noticed Jessica
  1834 | D:3      | Killed Jessica
  2010 | D:3      | Gained mutation: Your magical nature lets you fly swiftly
                  | and evasively. [Tengu growth]
  2010 | D:3      | Reached XP level 5. HP: 32/32 MP: 6/6
  2285 | D:4      | Noticed a phantom
  2300 | D:3      | Killed a phantom
  2301 | D:3      | Reached skill level 6 in Ranged Weapons
  2345 | D:4      | Found an iron altar of Okawaru.
  2374 | D:4      | Reached XP level 6. HP: 37/37 MP: 7/7
  2642 | D:4      | Noticed Ijyb
  2657 | D:4      | Killed Ijyb
  2658 | D:4      | Reached skill level 7 in Ranged Weapons
  2717 | D:4      | Found a shadowy altar of Dithmenos.
  2719 | D:4      | Found a burning altar of Makhleb.
  2990 | D:5      | Entered Level 5 of the Dungeon
  3045 | D:5      | Reached XP level 7. HP: 43/43 MP: 8/8
  3257 | D:5      | Found Wozistin's Neck Hole.
  3629 | D:5      | Noticed a two-headed ogre
  3658 | D:5      | Killed a two-headed ogre
  3659 | D:5      | Reached skill level 5 in Fighting
  3659 | D:5      | Reached skill level 9 in Ranged Weapons
  3659 | D:5      | Reached skill level 5 in Stealth
  3659 | D:5      | Reached XP level 8. HP: 31/51 MP: 9/9
  3732 | D:5      | Found Weluo's Assorted Antiques.
  3754 | D:5      | Bought a scroll labelled AWUKAT VAULL for 23 gold pieces
  3754 | D:5      | Bought a scroll labelled AWUKAT VAULL for 23 gold pieces
  3754 | D:5      | Bought a clear potion for 20 gold pieces
  3754 | D:5      | Bought a ruby ring for 115 gold pieces
  3754 | D:5      | Found a snail-covered altar of Cheibriados.
  3941 | D:6      | Found a radiant altar of Vehumet.
  3949 | D:6      | Found a transporter.
  3952 | D:6      | Noticed AwFulAwFulPlayer's ghost (amateur OpMo)
  4089 | D:6      | Found a shimmering altar of Xom.
  4090 | D:6      | Found a hazy altar of Hepliaklqana.
  4091 | D:6      | Noticed a spectral ugly thing
  4094 | D:6      | Became a worshipper of Hepliaklqana the Forgotten
  4145 | D:6      | Found a hide-covered altar of Uskayaw.
  4193 | D:6      | Found a staircase to the Ecumenical Temple.
  4250 | D:6      | Found a transporter.
  4340 | D:6      | Found Ruoverih's Fire Supplies.
  4344 | D:6      | Reached XP level 9. HP: 55/55 MP: 10/10
  4547 | D:6      | Reached skill level 10 in Ranged Weapons
  4548 | D:6      | Identified the +0 robe "Kutuwami" {Str+3}
  5242 | D:7      | Reached * piety under Hepliaklqana
  5242 | D:7      | Found a runed translucent door.
  5243 | D:7      | Noticed Crazy Yiuf
  5336 | D:7      | Found a stormy altar of Qazlal.
  5362 | D:7      | Noticed innerfire43's ghost (novice DsMo)
  5367 | D:7      | Found a transporter.
  5385 | D:7      | Noticed a deep elf pyromancer
  5395 | D:7      | Noticed Pikel
  5427 | D:7      | Killed Pikel
  5428 | D:7      | Reached skill level 11 in Ranged Weapons
  5557 | D:7      | Found a transporter.
  5617 | D:7      | Found a sparkling altar of Nemelex Xobeh.
  5990 | D:7      | Killed Crazy Yiuf
  6237 | D:8      | Noticed a kobold demonologist
  6249 | D:8      | Killed a kobold demonologist
  6281 | D:8      | Noticed Grum
  6285 | D:8      | Killed Grum
  6286 | D:8      | Reached skill level 12 in Ranged Weapons
  6299 | D:8      | Reached XP level 10. HP: 56/56 MP: 11/11
  6416 | D:8      | Reached ** piety under Hepliaklqana
  6417 | D:8      | Remembered your ancestor Nikki as a knight
  6545 | D:8      | Reached skill level 5 in Dodging
  6910 | D:9      | Found a staircase to the Lair.
  7059 | D:9      | Reached skill level 13 in Ranged Weapons
  7116 | D:9      | Noticed a two-headed ogre
  7121 | D:9      | Killed a two-headed ogre
  7441 | D:9      | Noticed a two-headed ogre
  7452 | D:9      | Killed a two-headed ogre
  7571 | D:10     | Entered Level 10 of the Dungeon
  7654 | D:10     | Killed from afar by a vampire

Illustrated notes

Levels and vault maps discovered:
D:1:      wander_arrival_fairy_ring, layout_basic
D:2:      layout_basic, minmay_distorted
D:3:      layout_basic, gammafunk_temple_overflow_statue,
          serial_co_window_serial, co_window_paths_a,
          co_window_of_opportunity_a, co_window_paths_b, co_window_corner_a,
          co_window_corner_a, co_window_unsneaky_path_e, co_window_broadway_b,
          co_window_broadway_c, co_window_4corner_b, glass_columns_c,
          glass_columns_a, glass_columns_c, glass_columns_b,
          minmay_misc_feat_tiny, uniq_jessica
D:4:      layout_basic, mainiacjoe_overflow_cross_hatched,
          nicolae_overflow_squiral, uniq_ijyb
D:5:      layout_basic, cheibriados_altar_1, serial_shops,
          nicolae_shop_hallway_plus, nicolae_shop_sticking_my_neck_out
D:6:      layout_basic, regret_index_temple_of_mockery,
          mainiacjoe_overflow_brackets, mainiacjoe_overflow_chevrons,
          minmay_temple_entry_enclosed_plants, gammafunk_ghost_arena,
          nicolae_shop_fire_sale [nicolae_sub_dead_trees], grunt_decor_arrowhead
D:7:      layout_basic, old_standard_altar, mainiacjoe_overflow_boulevard,
          nzn_ghost_randoct, uniq_crazy_yiuf_cottage, uniq_pikel
D:8:      layout_cave_pools, uniq_grum
D:9:      layout_long_grid, lair_entry_dummy, evilmike_butchery
D:10:     layout_loops_ring, david_orc_1_choice, serial_shops, shop, shop,
          uniq_erolcha

Skill      XL: |  1  2  3  4  5  6  7  8  9 10 |
---------------+-------------------------------+-----
Ranged Weapons | 5 6 7 9 12 13 | 13.7
Stealth        | 2 3 5 |  5.0
Fighting       | 3 4 5 6 7 |  7.0
Dodging        | 4 6 |  6.5

Action                     |  1- 3 |  4- 6 |  7- 9 | 10-12 || total
---------------------------+-------+-------+-------+-------++-------
  Melee: Unarmed           |     4 |       |       |       ||     4
         Kick              |     3 |    24 |    51 |    10 ||    88
         Dagger            |       |    69 |   127 |    34 ||   230
         Peck              |       |    12 |    28 |     5 ||    45
         Punch             |       |     4 |       |     1 ||     5
   Fire: Shortbow          |    80 |    74 |   178 |    27 ||   359
         Orcbow            |       |       |       |    39 ||    39
 Invoke: Recall Ancestor   |       |       |     3 |     2 ||     5
         Ancestor Identity |       |       |     1 |       ||     1
         Ancestor Life: Kn |       |       |       |     1 ||     1
    Use: Scroll            |     2 |     4 |     3 |     2 ||    11
         Potion            |       |       |       |     1 ||     1
   Stab: Distracted        |       |       |     1 |       ||     1
         Sleeping          |       |       |       |     1 ||     1
 Armour: Leather armour    |     7 |    14 |    45 |    16 ||    82
  Dodge: Dodged            |     8 |    72 |   105 |    50 ||   235

Table legend: (Time is in decaauts)
 A = Elapsed time spent in this place.
 B = Non-inter-level travel time spent in this place.
 C = Inter-level travel time spent in this place.
 D = Time resting spent in this place.
 E = Time spent auto-exploring this place.
 F = Levels seen in this place.
 G = Mean time per level.
                   A        B        C        D        E       F      G
               +--------+--------+--------+--------+--------+-----+--------+
         Total |   7202 |   6936 |    266 |    703 |   5080 |  10 |  720.2 |
       Dungeon |   7202 |   6936 |    266 |    703 |   5080 |  10 |  720.2 |
               +--------+--------+--------+--------+--------+-----+--------+

Top non-repeatable levels by time:
     D:7: 1092 daAuts
     D:1: 980 daAuts
     D:6: 891 daAuts
     D:5: 876 daAuts
     D:9: 874 daAuts
     D:3: 850 daAuts
     D:4: 621 daAuts
     D:2: 483 daAuts
     D:8: 457 daAuts
    D:10: 74 daAuts
